 Dungeon Crawl Stone Soup version 0.02-122-g12e50fee3c (webtiles) character file.

Game seed: 13232961101982578587, levelgen mode: deterministic

1359 Lanoc the Fighter (level 8, -3/75 (77) HPs) Scintillating Draconian Demonspawn. Began on Oct 2, 2020. Splashed by a jelly's acid (7 damage) ... on level 4 of the Dungeon. The game lasted 00:08:31 (2541 turns).

Lanoc the Fighter (DrDs)                            Turns: 2541, Time: 00:08:31

HP:   -3/75 (77)    AC:  0    Str: 16      XL:     8 ^: 856
MP:   12/12         EV: 15    Int: 13      God:
Gold: 160           SH:  0    Dex: 12 (13) Spells: 11/12 levels left

rFire    . . .     Vision   .   g - +2 whip (acid)
rCold    + . .     Gourm    .   l - +2 dagger (acid)
rNeg     . . .     Faith    .   (armour unavailable)
rPois    .         Spirit   .   (helmet restricted)
rElec    .         Reflect  .   (no cloak)
rCorr    .         Harm     .   (no gloves)
MR       +....                  (no boots)
Stlth    +++.......             (no amulet)
HPRegen  0.35/turn              (no ring)
MPRegen  0.22/turn              (no ring)

@: corroded
A: no body armour, unfitting armour, antennae 1, rugged brown scales 1,
nightstalker 1, cold-blooded, chaos magic, random archmage 1, AC+, Chaos+, AC +7
a: Breathe Seething Chaos


You were on level 4 of the Dungeon.
You were not hungry.

You visited 1 branch of the dungeon, and saw 4 of its levels.

You collected 160 gold pieces.

Inventory:

Weapons
 g - a +2 whip of caustic ooze (weapon)
 l - a +2 dagger of caustic ooze (weapon)
Wands
 i - a wand of iceblast (8)
 m - a wand of disintegration (2)
Scrolls
 a - a scroll of blinking
 b - 2 scrolls of fog
 d - 3 scrolls of teleportation
 e - 2 scrolls of magic mapping
Potions
 f - a potion of mutation
 h - a potion of brilliance
 j - 4 potions of curing
 k - 2 potions of might
Comestibles
 c - 7 rations
 n - a chunk of flesh


   Skills:
 + Level 8.3 Fighting
   Level 1.5 Long Blades
 + Level 6.1 Dodging
 - Level 1.3 Stealth
 - Level 2.6 Spellcasting
   Level 3.0 Invocations


You had 11 spell levels left.
You knew the following spells:

 Your Spells              Type           Power        Failure   Level  Hunger
a - Flame Tongue          Fire           1 (40)       24%         1    #......

Your spell library contained the following spells:

 Spells                   Type           Power        Failure   Level  Hunger
 Blink                    Tloc           N/A          34%         2    ###....
 Call Imp                 Summ           1 (100)      34%         2    ###....
 Slow                     Hex            2 (100)      34%         2    ###....
 Conjure Flame            Fire           1 (100)      56%         3    ###....
 Mephitic Cloud           Pois/Air       1 (100)      56%         3    ###....


Dungeon Overview and Level Annotations

Branches:
Dungeon (4/8)
 Temple: D:4

Altars:
Fedhas Madash
Sif Muna
Uskayaw


Innate Abilities, Weirdness & Mutations

You cannot fit into any form of body armour.
Your scintillating rainbow scales are hard. (AC +7)
You can breathe bolts of chaotic energy.
You have a pair of small antennae on your head.
You are partially covered in rugged brown scales. (AC +1, +3% HP)
You are slightly more attuned to the shadows.
You are cold-blooded and may be slowed by cold attacks.
Your magic is chaotic and you often have boosted spellpower when casting.
Your scintillating rainbow scales chaotically grant elemental resistances and boost your physical defenses a bit. (AC+, Chaos+)


Message History

You hit the jelly (2).
Your hands burn!
The jelly is severely wounded. (6/15) HP You hit the jelly but do no damage.
The acid corrodes you!
Your hands burn!
The jelly is severely wounded. (6/15) HP Something hits you (5).
The jelly barely misses you (0). Pain shoots through your body (12)!
The jelly hits you (1).
You are splashed with acid (9)!
* * * LOW HITPOINT WARNING * * *
You hit the jelly but do no damage.
Your hands burn!
* * * LOW HITPOINT WARNING * * *
The jelly is severely wounded. (6/15) HP You hit the jelly but do no damage.
Your hands burn!
* * * LOW HITPOINT WARNING * * *
The jelly is severely wounded. (6/15) HP Something hits you (3).
* * * LOW HITPOINT WARNING * * *
The jelly hits you (3).
* * * LOW HITPOINT WARNING * * *
You are splashed with acid (7)!
You die...

#####
##..รท##
##....<#
######.....##
#....#....##
#........##
......@..#
#....{J.##
#!........
#........#..
#........# .#
.......... .
...........


You could see a jelly.

Vanquished Creatures
  A slime creature (D:2)
  A necrophage (D:3)
  A porcupine (D:3)
  2 ogres (D:3)
  A big kobold (D:2)
  2 bullfrogs (D:4)
  A scorpion (D:3)
  2 quasits
  3 hounds
  2 jellies (D:2)
  An orc wizard (D:3)
  An iguana (D:3)
  3 worker ants (D:3)
  A shadow imp (D:4)
  3 adders
  14 sewer rats (D:2)
  7 cinder newts
  4 oozes
  A dart slug (D:1)
  5 leopard geckos
  6 orcs (D:3)
  An adder skeleton (D:2)
  4 bats
  4 giant cockroaches
  4 goblins (D:1)
  4 hobgoblins (D:1)
  2 quokkas
  A ball python (D:2)
  A bat skeleton (D:2)
  2 goblin skeletons (D:2)
  6 kobolds
  A quokka skeleton (D:2)
  A rat (D:1)
  A withered plant (D:2)
94 creatures vanquished.

Vanquished Creatures (others)
  4 sewer rats (D:2)
  A leopard gecko (D:2)
  A kobold (D:2)
  A bat (D:2)
  A hobgoblin skeleton (D:2)
  57 withered plants (D:2)
65 creatures vanquished.

Grand Total: 159 creatures vanquished

Notes
Turn   | Place    | Note
-------+----------+-------------------------------------------
     0 | D:1      | Lanoc the Immature Draconian Demonspawn began the quest for
                  | the Orb.
     0 | D:1      | Reached XP level 1. HP: 18/18 MP: 4/4
    19 | D:1      | Gained mutation: You are partially covered in rugged brown
                  | scales. (AC +1, +3% HP) [demonic ancestry]
    19 | D:1      | Reached XP level 2. HP: 16/25 MP: 5/5
    21 | D:1      | Reached skill level 3 in Fighting
    71 | D:1      | Gained mutation: You have a pair of small antennae on your
                  | head. [demonic ancestry]
    71 | D:1      | Reached XP level 3. HP: 24/31 MP: 7/7
   900 | D:2      | Reached XP level 4. HP: 37/41 MP: 8/8
   901 | D:2      | Noticed a slime creature
   903 | D:2      | Noticed a big kobold
   909 | D:2      | Killed a slime creature
   909 | D:2      | Reached skill level 4 in Fighting
   909 | D:2      | Reached XP level 5. HP: 20/48 MP: 3/9
   927 | D:2      | HP: 2/48 [acid (4)]
  1115 | D:2      | Reached skill level 5 in Fighting
  1118 | D:2      | Gained mutation: You are slightly more attuned to the
                  | shadows. [demonic ancestry]
  1118 | D:2      | Reached XP level 6. HP: 8/57 MP: 3/10
  1256 | D:2      | Found a shimmering blue altar of Sif Muna.
  1424 | D:2      | Found a blossoming altar of Fedhas.
  1464 | D:2      | Reached skill level 6 in Fighting
  1572 | D:3      | Your scales start taking on a scintillating rainbow colour.
  1572 | D:3      | Reached XP level 7. HP: 47/65 MP: 11/11
  1572 | D:3      | Gained mutation: Your scintillating rainbow scales
                  | chaotically grant elemental resistances and boost your
                  | physical defenses a bit. (AC+, Chaos+) [Scintillating
                  | Draconian growth]
  1572 | D:3      | Gained mutation: Your magic is chaotic and you often have
                  | boosted spellpower when casting. [Scintillating Draconian
                  | growth]
  1745 | D:3      | Reached skill level 5 in Dodging
  1769 | D:3      | Reached skill level 7 in Fighting
  2191 | D:3      | Reached XP level 8. HP: 75/75 MP: 12/12
  2254 | D:3      | Found a hide-covered altar of Uskayaw.
  2464 | D:4      | Reached skill level 8 in Fighting
  2541 | D:4      | Splashed by a jelly's acid

Levels and vault maps discovered:
D:1:      dpeg_arrival_round_c, layout_basic, first_ration
D:2:      layout_sewer, lemuel_crystal_altar, grunt_temple_overflow_cloverleaf,
          kennysheep_mini, kennysheep_mini_moat, basic_altar
D:3:      layout_loops_ring, basic_altar
D:4:      layout_cave_pools, temple_pool_b

Skill      XL: |  1  2  3  4  5  6  7  8 |
---------------+-------------------------+-----
Fighting       | 3 4 5 6 7 8 |  8.3
Dodging        | 3 4 5 6 |  6.1
Long Blades    | |  1.5
Stealth        | |  1.3
Spellcasting   | |  2.6
Invocations    | |  3.0

Action                   |  1- 3 |  4- 6 |  7- 9 || total
-------------------------+-------+-------+-------++-------
Melee: Long sword        |    60 |     3 |       ||    63
       Unarmed           |    43 |    51 |    34 ||   128
       Tailslap          |     7 |    10 |    10 ||    27
       Whip              |       |    64 |    70 ||   134
       Dagger            |       |       |    18 ||    18
 Cast: Flame Tongue      |       |    19 |       ||    19
 Abil: Breathe Dart      |     1 |     1 |       ||     2
       Breathe Seething  |       |       |     9 ||     9
  Use: Potion            |       |     1 |       ||     1
 Stab: Sleeping          |     2 |       |     2 ||     4
       Confused          |       |       |     1 ||     1
  Eat: Chunk             |       |     4 |     5 ||     9
Armor: Skin              |    20 |    27 |    35 ||    82
Dodge: Dodged            |    53 |   129 |    99 ||   281
       Rpst.: Unarmed    |    22 |     3 |       ||    25
       Long sword        |    15 |     6 |       ||    21
